 Dungeon Crawl Stone Soup version 0.21.0-3-g78d12a8 (webtiles) character file.

3138 Ignatius881 the Cleaver (level 9, -2/81 HPs)
             Began as a Minotaur Berserker on Jan 10, 2018.
             Was an Elder of Trog.
             Slain by Erica
             ... wielding a +4 scimitar of flaming
              (3 damage)
             ... on level 8 of the Dungeon.
             The game lasted 00:14:48 (8011 turns).

Ignatius881 the Cleaver (Minotaur Berserker)        Turns: 8011, Time: 00:14:49

Health: -2/81      AC: 17    Str: 22    XL:     9   Next: 61%
Magic:  8/8        EV: 11    Int:  9    God:    Trog [****..]
Gold:   293        SH:  0    Dex: 13    Spells: 8/8 levels left

rFire    + . .     SeeInvis .   s - +0 battleaxe
rCold    + . .     Gourm    .   (shield currently unavailable)
rNeg     + . .     Faith    .   w - +7 chain mail of Xebeip {*Slow Regen+ Int+5}
rPois    .         Spirit   .   (helmet restricted)
rElec    .         Reflect  .   o - scarf {rC+ rF+}
rCorr    .         Harm     .   (no gloves)
MR       .....                  (no boots)
Stlth    ..........             (no amulet)
HPRegen  0.63/turn              n - ring of positive energy
MPRegen  0.11/turn              (no ring)

@: confused, lethally poisoned (-2 -> -2), berserk cooldown, slowed, drained,
very slow
A: retaliatory headbutt, horns 2
a: Berserk, Trog's Hand, Brothers in Arms, Burn Spellbooks, Renounce Religion


You were on level 8 of the Dungeon.
You worshipped Trog.
Trog was greatly pleased with you.
You were very hungry.

You visited 1 branch of the dungeon, and saw 8 of its levels.

You collected 293 gold pieces.

Inventory:

Hand Weapons
 a - a +0 hand axe
 s - a +0 battleaxe (weapon)
   (You took it off Blork the orc on level 6 of the Dungeon)
 y - the +1 war axe of Calamity {antimagic, Str+4}
   (You found it on level 6 of the Dungeon)

   It reduces the magical energy of the wielder, and disrupts the spells and
   magical abilities of those hit.
   Natural abilities and divine invocations are not affected.
   It affects your strength (+4).
Armour
 b - a +0 animal skin
 f - a +0 ring mail
   (You found it on level 2 of the Dungeon)
 o - a scarf of resistance (worn)
   (You found it on level 6 of the Dungeon)
 w - the +7 chain mail of Xebeip (worn) {*Slow Regen+ Int+5}
   (You found it on level 6 of the Dungeon)

   It affects your intelligence (+5).
   It increases your rate of regeneration.
   It may slow you when you take damage.
 A - the +2 robe of Wethas {rC++ rN+ MR+ Dex-5, unknown}
   (You found it on level 7 of the Dungeon)

   It affects your dexterity (-5).
   It greatly protects you from cold.
   It protects you from negative energy.
   It affects your resistance to hostile enchantments.
 C - a cursed +0 plate armour
   (You found it on level 7 of the Dungeon)
Jewellery
 n - a ring of positive energy (left hand)
   (You found it on level 4 of the Dungeon)
Wands
 t - a wand of flame (17)
   (You found it on level 6 of the Dungeon)
 u - a wand of paralysis (31)
   (You found it on level 4 of the Dungeon)
Scrolls
 c - 3 scrolls of remove curse {@r2}
 g - a scroll of fog
 h - 3 scrolls of teleportation {@r4}
 i - 2 scrolls of fear {unknown}
 p - 2 scrolls of blinking {unknown}
 x - 3 scrolls of immolation {unknown}
 z - 2 scrolls of enchant weapon {unknown}
 D - a scroll of enchant armour {unknown}
Potions
 j - 4 potions of curing {unknown}
 k - 3 potions of brilliance {unknown}
 l - 2 potions of heal wounds {unknown}
 m - 3 potions of degeneration {unknown}
 q - a potion of ambrosia {unknown}
 r - a potion of flight {unknown}
 v - 3 potions of haste {unknown}
Books
 d - a book of Frost
   (You found it on level 5 of the Dungeon)
Comestibles
 e - 9 rations


   Skills:
 + Level 8.1(7.9) Fighting
 * Level 10.8(10.6) Axes
 + Level 7.6(7.4) Armour
 + Level 6.9(6.8) Dodging


You had 8 spell levels left.
You didn't know any spells.

Dungeon Overview and Level Annotations

Branches:
Dungeon (8/15)             Temple (0/1) D:4
   Lair: D:8-11

Altars:
Cheibriados
Elyvilon
Fedhas
Gozag
Makhleb
Okawaru
Ru
Trog
The Shining One

Annotations:
D:8 Erica


Innate Abilities, Weirdness & Mutations

You reflexively headbutt those who attack you in melee.
You have a pair of horns on your head.


Message History

Something hits you!
* * * LOW HITPOINT WARNING * * *
Something burns you.
* * * LOW HITPOINT WARNING * * *
You barely miss something. Your headbutt misses something.
You feel sick. Something hits you but does no damage. Something hits you!
* * * LOW HITPOINT WARNING * * *
Erica appears from thin air!
Reactivating autopickup.
Erica points at you and mumbles some strange words.
You resist with significant effort.
Erica screams, "You'll never get it!"
A red film seems to cover your vision as you go berserk!
You feel yourself moving faster!
You feel mighty!
You are feeling very hungry.
You feel sick.
Erica points at you and mumbles some strange words.
The bolt of poison hits you!
You are more poisoned.
* * * LOW HITPOINT WARNING * * *
You closely miss Erica.
You feel sick. Erica closely misses you.
You slash Erica!
You feel sick.
Erica hits you with a scimitar of flaming.
* * * LOW HITPOINT WARNING * * *
You hit Erica.
You feel sick. Erica gestures at you while chanting.
You are confused.
You barely miss Erica. Your headbutt misses Erica.
You feel sick. Erica gestures at you while chanting.
You resist with significant effort.
Unknown command.
* * * LOW HITPOINT WARNING * * *
You feel sick.
Erica points at you and mumbles some strange words.
You are more confused.
You feel a strong urge to attack something.
* * * LOW HITPOINT WARNING * * *
You feel sick.
Erica screams, "Coming here was suicide!
For you!" Erica casts a spell at you. You resist with significant effort.
You are no longer berserk.
You are exhausted.
You feel as though you will be slow longer.
* * * LOW HITPOINT WARNING * * *
You feel sick.
You barely miss Erica.
You feel sick.
Erica hits you with a scimitar of flaming.
You die...

#...#.# .......
....... .###
....... ....#
####.......
.....###..........
......#....###....
........@### .
#......@## ..
#...>...# ...
#.......## ##...
.........# #....
...###...####...#
.. #.....#..# ...
. #.......# #..#
#..####..## ...#
....# ##..# ...#


You could see Erica.

Vanquished Creatures
  Pikel (D:7)
  A hippogriff (D:7)
  Sigmund (D:6)
  Menkaure (D:6)
  An ice beast (D:6)
  2 phantoms
  2 ogres
  Blork the orc (D:6)
  3 bullfrogs
  3 scorpions
  6 killer bees (D:6)
  6 wights
  A howler monkey (D:6)
  A crimson imp (D:7)
  4 hounds
  A centaur skeleton (D:6)
  A jelly (D:5)
  2 orc wizards
  3 bullfrog skeletons
  3 orc priests
  An iguana (D:6)
  Natasha (thrice) (D:2)
  4 worker ants
  5 adders
  7 gnolls (D:2)
  2 oozes
  An adder skeleton (D:4)
  3 worms
  A dart slug (D:2)
  3 leopard geckos
  9 orcs
  3 bats
  5 giant cockroaches
  9 goblins
  9 hobgoblins
  4 jackals (D:1)
  4 quokkas
  2 ball pythons
  7 frilled lizards
  5 kobolds
  7 rats
138 creatures vanquished.

Vanquished Creatures (others)
  2 jackals (D:7)
2 creatures vanquished.

Grand Total: 140 creatures vanquished

Notes
Turn   | Place    | Note
-------+----------+-------------------------------------------
     0 | D:1      | Ignatius881 the Minotaur Berserker began the quest for the Orb.
     0 | D:1      | Reached XP level 1. HP: 19/19 MP: 0/0
   286 | D:1      | Reached XP level 2. HP: 17/27 MP: 1/1
   309 | D:1      | Reached skill level 4 in Axes
  1247 | D:2      | Reached XP level 3. HP: 33/33 MP: 2/2
  1363 | D:2      | Found a snail-covered altar of Cheibriados.
  1370 | D:2      | Noticed Natasha
  1379 | D:2      | Killed Natasha
  1379 | D:2      | Reached ** piety under Trog
  1395 | D:2      | Reached XP level 4. HP: 27/40 MP: 3/3
  1618 | D:2      | Reached skill level 5 in Axes
  1873 | D:2      | Found a bloodstained altar of Trog.
  1970 | D:2      | Noticed Natasha
  1972 | D:2      | Killed Natasha
  1972 | D:2      | Reached XP level 5. HP: 47/47 MP: 4/4
  2258 | D:2      | Noticed Natasha
  2267 | D:2      | Killed Natasha
  3300 | D:4      | Reached XP level 6. HP: 44/55 MP: 5/5
  3438 | D:4      | Found an opulent altar of Gozag.
  3500 | D:4      | Reached skill level 5 in Fighting
  3570 | D:4      | Reached *** piety under Trog
  3570 | D:4      | Reached skill level 6 in Axes
  4024 | D:4      | Reached XP level 7. HP: 57/61 MP: 6/6
  4258 | D:4      | Found a staircase to the Ecumenical Temple.
  4615 | D:5      | Entered Level 5 of the Dungeon
  4811 | D:5      | Found a white marble altar of Elyvilon.
  4815 | D:5      | Found a blossoming altar of Fedhas.
  4868 | D:5      | Reached skill level 7 in Axes
  4870 | D:5      | Found a burning altar of Makhleb.
  4897 | D:5      | Reached skill level 5 in Armour
  5167 | D:5      | Found a sacrificial altar of Ru.
  5261 | D:5      | Found an iron altar of Okawaru.
  5932 | D:6      | Reached skill level 5 in Dodging
  5932 | D:6      | Reached XP level 8. HP: 36/70 MP: 7/7
  6121 | D:6      | Reached skill level 8 in Axes
  6255 | D:6      | Noticed Menkaure
  6267 | D:6      | Killed Menkaure
  6576 | D:6      | Noticed Blork the orc
  6583 | D:6      | Killed Blork the orc
  6648 | D:6      | Noticed Sigmund
  6654 | D:6      | Killed Sigmund
  6692 | D:6      | Reached skill level 9 in Axes
  7114 | D:6      | Got a transparent chain mail
  7125 | D:6      | Identified the +7 chain mail of Xebeip {*Slow Regen+ Int+5} (You found it on level 6 of the Dungeon)
  7190 | D:6      | Reached XP level 9. HP: 79/79 MP: 8/8
  7298 | D:6      | Got a sapphire war axe
  7411 | D:7      | Reached **** piety under Trog
  7415 | D:7      | Got a shimmering robe
  7429 | D:7      | Identified the +1 war axe of Calamity {antimagic, Str+4} (You found it on level 6 of the Dungeon)
  7534 | D:7      | Reached skill level 10 in Axes
  7565 | D:7      | Found a glowing golden altar of the Shining One.
  7660 | D:7      | Noticed Pikel
  7671 | D:7      | Killed Pikel
  7979 | D:8      | Noticed Erica
  8003 | D:8      | HP: 4/121 [Erica/bolt of poison (17)]
  8008 | D:8      | HP: 2/121 [poisoned by Erica (bolt of poison)]
  8011 | D:8      | Slain by Erica

Skill      XL: |  1  2  3  4  5  6  7  8  9 |
---------------+----------------------------+-----
Axes           | 4 5 6 7 9 10 | 10.8
Fighting       | 4 5 6 7 8 |  8.1
Armour         | 3 4 5 6 7 |  7.6
Dodging        | 3 4 5 6 |  6.9

Action                   |  1- 3 |  4- 6 |  7- 9 || total
-------------------------+-------+-------+-------++-------
Melee: Hand axe          |    82 |   127 |   120 ||   329
       Headbutt          |    11 |    25 |    37 ||    73
       Battleaxe         |       |       |    86 ||    86
Invok: Berserk           |       |     2 |     2 ||     4
  Use: Scroll            |       |     5 |     4 ||     9
 Stab: Sleeping          |     1 |       |       ||     1
  Eat: Chunk             |     2 |    10 |     6 ||    18
       Ration            |       |       |     2 ||     2
Armor: Animal skin       |     8 |       |       ||     8
       Ring mail         |    10 |    31 |    39 ||    80
       Chain mail        |       |       |    24 ||    24
Dodge: Dodged            |    36 |    89 |   135 ||   260
